 Dungeon Crawl Stone Soup version 0.31.0-11-ge490571c62 (webtiles) character file.

Game seed: 5815031559045189072

20 Killerpretzel the Changeling (level 2, 0/18 HPs)
             Began as an Octopode Shapeshifter on Feb 9, 2024.
             Succumbed to an adder's poison
             ... on level 2 of the Dungeon.
             The game lasted 00:01:46 (955 turns).

Killerpretzel the Changeling (Octopode Shapeshifter) Turns: 955, Time: 00:01:47

Health: 0/18       AC:  1    Str: 13    XL:     2   Next: 79%
Magic:  2/2        EV: 13    Int: 12    God:
Gold:   110        SH:  0    Dex: 11    Spells: 1/1 levels left

rFire   . . .        f - +0 short sword (drain)
rCold   . . .        (no shield)
rNeg    . . .        (helmet currently unavailable)
rPois   .            (no amulet)
rElec   .            (no ring)
rCorr   .            (no ring)
SInv    .            (no ring)
Will    .....        (no ring)
Stlth   ++           (no ring)
HPRegen 0.23/turn    (no ring)
MPRegen 0.08/turn    (no ring)
                     (no ring)

%: no passive effects
@: lethally poisoned (0 -> -4), beast-form
A: beast (slay +1), almost no armour, amphibious, 8 rings, camouflage 1,
gelatinous body 1, (nimble swimmer 1), tentacles
a: Begin Untransformation


You were on level 2 of the Dungeon.
You were a hulking beast.
You visited 1 branch of the dungeon, and saw 2 of its levels.

You collected 110 gold pieces.

Inventory:

Hand Weapons
 f - a +0 short sword of draining (weapon)
Talismans
 b - a beast talisman
 c - a flux talisman
Wands
 g - a wand of iceblast (5)
Scrolls
 h - a scroll of poison {unknown}
Potions
 a - a potion of lignification
 d - a potion of attraction {unknown}
 e - a potion of resistance {unknown}


   Skills:
 + Level 1.4 Fighting
 + Level 2.2 Dodging
 + Level 3.2 Unarmed Combat
 * Level 3.3 Shapeshifting


You had one spell level left.
You didn't know any spells.
Your spell library contained the following spells:

 Spells                   Type           Power      Damage    Failure   Level
 Lesser Beckoning         Tloc           0%         N/A       45%         2
 Gell's Gravitas          Tloc           0%         N/A       69%         3
 Teleport Other           Tloc           0%         N/A       69%         3


Dungeon Overview and Level Annotations

Branches:
Dungeon (2/15)

Altars:
Dithmenos

Annotations:
D:2 Jessica


Innate Abilities, Weirdness & Mutations

You are a hulking beast.
Your limbs bulge with bestial killing power. (Slay +1)
You cannot wear most types of armour.
You are amphibious.
You can wear up to eight rings at the same time.
Your skin changes colour to match your surroundings (Stealth+).
Your rubbery body absorbs attacks. (AC +1, EV +1)
((You are camouflaged when in or above water. (Stealth+)))
You have tentacles for arms and can constrict up to eight enemies at once.


Message History

You grab the quokka. You constrict the quokka. The quokka misses you.
The quokka closely misses you. The endoplasm freezes you.
You are frozen.
You hit the quokka. You drain the quokka.
You kill the quokka!
The adder closely misses you. The endoplasm freezes you.
You are frozen.
You are too injured to fight recklessly!
You are too injured to fight recklessly!
You are too injured to fight recklessly!
You are too injured to fight recklessly!
There are monsters nearby!
You are too injured to fight recklessly!
You are too injured to fight recklessly!
You are too injured to fight recklessly!
You are too injured to fight recklessly!
You are too injured to fight recklessly!
You are too injured to fight recklessly!
You are too injured to fight recklessly!
You are too injured to fight recklessly!
You are too injured to fight recklessly!
You are too injured to fight recklessly!
There are monsters nearby!
You barely miss the endoplasm. The adder bites you. The endoplasm freezes you.
You are frozen.
* * * LOW HITPOINT WARNING * * *
The adder barely misses you. The adder attacks as it pursues you!
The adder misses you.
You barely miss the adder. Your grab misses the adder.
The adder closely misses you. The adder bites you.
* * * LOW HITPOINT WARNING * * *
You are lethally poisoned!
The adder poisons you!
You hit the adder. You drain the adder. Your grab misses the adder.
Your squeeze misses the adder.
The adder is heavily wounded.
You die...

...!....###### .........#
#.# #<......$ #.# #########
#.# #.# ###.### #########
#.....# ........# ##......
......†.############..._...
?.......JSh................
........#############......
..#####.# ####### #.# #.#
#.# #.# #.#


You could see an adder (very drained) and an endoplasm.

Vanquished Creatures
  2 bats (D:1)
  3 endoplasms
  2 giant cockroaches (D:1)
  A hobgoblin (D:1)
  3 quokkas
  4 ball pythons
  A frilled lizard (D:2)
  A kobold (D:1)
  A rat (D:2)
18 creatures vanquished.

Notes
Turn   | Place    | Note
-------+----------+-------------------------------------------
     0 | D:1      | Killerpretzel the Octopode Shapeshifter began the quest for
                  | the Orb.
     0 | D:1      | Reached XP level 1. HP: 13/13 MP: 1/1
   177 | D:1      | Reached XP level 2. HP: 17/18 MP: 2/2
   670 | D:2      | Noticed Jessica
   922 | D:2      | Found a shadowy altar of Dithmenos.
   955 | D:2      | Succumbed to an adder's poison

Illustrated notes

Levels and vault maps discovered:
D:1:      nicolae_arrival_somewhat_less_tricky_arrival, layout_rooms,
          serial_bayou_pond_b
D:2:      layout_basic, basic_altar, small_statue_intersection,
          dreamdust_princess_corridor, uniq_jessica

Action                     || total
---------------------------++-------
  Melee: Unarmed           ||    21
         Constrict         ||     9
         Tentacles         ||     6
         Short sword       ||    17
   Stab: Sleeping          ||     3
 Armour: Skin              ||    13
  Dodge: Dodged            ||    34
